 Seeded DCSS version 0.28-a0-1567-g1695149f81 (webtiles) character file.

Game seed: 28092 (custom seed)

1018 knot the Cleaver (level 8, 0/84 (90) HPs)
             Began as a Demonspawn Berserker on Jan 20, 2022.
             Was a Priest of Trog.
             Slain by a wight (10 damage)
             ... on level 5 of the Dungeon.
             The game lasted 00:04:38 (5212 turns).

knot the Cleaver (Demonspawn Berserker)             Turns: 5212, Time: 00:04:38

HP:   0/84 (90)     AC:  7    Str: 19    XL:     8   Next: 2%
MP:   8/8           EV: 16    Int: 10    God:    Trog [***...]
Gold: 195           SH:  0    Dex: 12    Spells: 7/7 levels left

rFire   . . .      SeeInvis +   n - +0 war axe
rCold   + . .      Faith    +   (no shield)
rNeg    . . .      Spirit   .   p - +0 ring mail
rPois   .          Reflect  .   (no helmet)
rElec   .          Harm     .   (no cloak)
rCorr   .          Rampage  .   (no gloves)
Will    .....                   (no boots)
Stlth   ..........              e - amulet of faith
HPRegen 0.24/turn               f - ring of protection from cold
MPRegen 0.11/turn               s - ring of see invisible

@: agile, berserking (expiring), drained, very quick
A: rugged brown scales 2, powered by death 2, powered by pain 2
a: Renounce Religion, Berserk, Trog's Hand


You were on level 5 of the Dungeon.
You worshipped Trog.
Trog was most pleased with you.
You visited 1 branch of the dungeon, and saw 5 of its levels.

You collected 195 gold pieces.

Inventory:

Hand Weapons
 n - a +0 war axe (weapon)
Missiles
 a - 7 poisoned darts
 c - 93 stones (quivered)
 m - 6 atropa-tipped darts
 q - 2 javelins
 u - 10 sling bullets
Armour
 p - a +0 ring mail (worn)
Jewellery
 e - an amulet of faith (around neck)
 f - a ring of protection from cold (left hand)
 h - a +4 ring of evasion
 r - a ring of protection from cold
 s - a ring of see invisible (right hand)
 t - an amulet of the acrobat
 x - a ring of positive energy
Scrolls
 i - 7 scrolls of identify
Potions
 b - a potion of berserk rage {unknown}
 d - 3 potions of curing {unknown}
 g - 2 potions of lignification {unknown}
 j - a potion of might {unknown}
 k - a potion of ambrosia
 l - a potion of mutation {unknown}
 o - 3 potions of degeneration {unknown}
 v - a potion of resistance {unknown}
 w - a potion of heal wounds {unknown}


   Skills:
 - Level 3.0 Fighting
 + Level 9.0 Axes
 - Level 1.7 Armour
 - Level 1.7 Dodging


You had 7 spell levels left.
You didn't know any spells.
Your spell library contained the following spells:

 Spells                   Type           Power      Damage    Failure   Level
 Corpse Rot               Necr/Air       0%         N/A       69%         2
 Poisonous Vapours        Pois/Air       0%         N/A       69%         2


Dungeon Overview and Level Annotations

Branches:
Dungeon (5/15)
 Temple: D:4-7

Altars:

Shops:
D:3 (


Innate Abilities, Weirdness & Mutations

You are mostly covered in rugged brown scales. (AC +2, +5% HP)
You regenerate health from kills.
You sometimes gain power by taking damage.


Message History

The wight is severely damaged.
The wight hits you with a +3 dagger.
You slash the wight!
You destroy the wight!
Trog accepts your kill.
A red film seems to cover your vision as you go berserk!
You feel yourself moving faster!
You feel mighty! The wight hits you with a +3 battleaxe!
You focus on the pain.
You feel agile all of a sudden.
You feel drained.
You barely miss the wight. The wight hits you with a +3 battleaxe!
You feel drained.
You closely miss the wight. The wight hits you with a +3 battleaxe.
You feel drained.
You barely miss the wight. The wight hits you with a +3 battleaxe!
You closely miss the wight. You hit the wight but do no damage.
The wight hits you with a +3 battleaxe!
* * * LOW HITPOINT WARNING * * *
You focus on the pain.
You feel more agile all of a sudden.
You closely miss the wight. You closely miss the wight. You slash the wight!
The wight is heavily damaged.
The wight closely misses you.
You closely miss the wight.
The wight is heavily damaged.
You slash the wight!
You destroy the wight!
Trog accepts your kill.
Your Axes skill increases to level 9!
You have reached level 8!
You feel stronger.
Your demonic ancestry asserts itself...
You feel even more energised by your suffering.
The wight hits you with a +3 battleaxe!
* * * LOW HITPOINT WARNING * * *
Items here: )) [[.
You closely miss the wight. The wight barely misses you.
You barely miss the wight. The wight hits you with a +3 battleaxe!
You die...

####### ......# ......#
......#
......###############...
................@z......
......###############...
......## #'#..#.####
######### #.#.......#
#......... #.#....##.#
#.........# #.#....##.#
#.........# #.##
#.#รท......# #.........#
####..# #....#.####
#.........# #.....#


You could see a wight.

Vanquished Creatures
  A black bear (D:5)
  A necrophage (D:4)
  An ogre (D:4)
  A bullfrog (D:4)
  2 scorpions (D:5)
  A water moccasin skeleton (D:5)
  2 wights (D:5)
  A bullfrog zombie (D:5)
  3 hounds
  An orc wizard (D:3)
  2 iguanas (D:5)
  A hound skeleton (D:4)
  3 gnolls (D:4)
  A howler monkey skeleton (D:4)
  7 adders
  2 river rats (D:5)
  A worm (D:2)
  4 dart slugs
  The ghost of comborobin the Sneak, a weakling VSDe of Okawaru (D:4)
  6 orcs (D:3)
  3 bats
  10 endoplasms
  6 giant cockroaches
  9 goblins
  9 hobgoblins
  3 jackals (D:4)
  2 quokkas (D:4)
  8 ball pythons
  A frilled lizard (D:1)
  5 kobolds
  15 rats
113 creatures vanquished.

Notes
Turn   | Place    | Note
-------+----------+-------------------------------------------
     0 | D:1      | knot the Demonspawn Berserker began the quest for the Orb.
     0 | D:1      | Reached XP level 1. HP: 18/18 MP: 1/1
   185 | D:1      | Found a faded altar of an unknown god.
   455 | D:1      | Reached skill level 3 in Axes
   555 | D:1      | Gained mutation: You regenerate a little health from kills.
                  | [demonic ancestry]
   555 | D:1      | Reached XP level 2. HP: 23/24 MP: 2/2
  1109 | D:2      | Reached ** piety under Trog
  1214 | D:2      | Gained mutation: You are partially covered in rugged brown
                  | scales. (AC +1, +3% HP) [demonic ancestry]
  1214 | D:2      | Reached XP level 3. HP: 11/29 MP: 3/3
  1745 | D:2      | Reached skill level 4 in Axes
  1929 | D:3      | Gained mutation: You regenerate health from kills. [demonic
                  | ancestry]
  1929 | D:3      | Reached XP level 4. HP: 21/36 MP: 4/4
  2101 | D:3      | Found Amolosch's Antique Weapon Shop.
  2937 | D:3      | Reached skill level 5 in Axes
  3292 | D:4      | Reached *** piety under Trog
  3487 | D:4      | Gained mutation: You sometimes gain a little power by
                  | taking damage. [demonic ancestry]
  3487 | D:4      | Reached XP level 5. HP: 28/42 MP: 5/5
  3615 | D:4      | Noticed a necrophage
  3625 | D:4      | Killed a necrophage
  3626 | D:4      | Reached skill level 6 in Axes
  3741 | D:4      | Gained mutation: You are mostly covered in rugged brown
                  | scales. (AC +2, +5% HP) [demonic ancestry]
  3741 | D:4      | Reached XP level 6. HP: 42/49 MP: 6/6
  4030 | D:4      | Found a runed translucent door.
  4035 | D:4      | Noticed comborobin's ghost (weakling VSDe)
  4048 | D:4      | Reached skill level 7 in Axes
  4050 | D:4      | Killed comborobin's ghost
  4344 | D:5      | Entered Level 5 of the Dungeon
  4539 | D:5      | Reached XP level 7. HP: 31/54 MP: 7/7
  4547 | D:5      | Identified the +1 leather armour of Distant Shores {Will+
                  | MP+9 Int-4}
  4803 | D:5      | Reached skill level 8 in Axes
  5210 | D:5      | Reached skill level 9 in Axes
  5210 | D:5      | Gained mutation: You sometimes gain power by taking damage.
                  | [demonic ancestry]
  5210 | D:5      | Reached XP level 8. HP: 17/56 MP: 8/8
  5212 | D:5      | Slain by a wight

Illustrated notes

Levels and vault maps discovered:
D:1:      dpeg_arrival_ratfight, layout_basic,
          hellmonk_ecumenical_altar_lost_god
D:2:      layout_loops_ring
D:3:      minmay_wonky_spiral, layout_basic, serial_shops,
          nicolae_shop_hallway_stairs, nrook_uturn
D:4:      layout_cave_pools, ebering_ghost_sewer_d
D:5:      layout_basic, portal_sewer_entry_b

Skill      XL: |  1  2  3  4  5  6  7 |
---------------+----------------------+-----
Axes           | 3 4 5 6 7 9 |  9.0
Fighting       | |  3.0
Armour         | |  1.7
Dodging        | |  1.7

Action                   |  1- 3 |  4- 6 |  7- 9 || total
-------------------------+-------+-------+-------++-------
Melee: Hand axe          |   122 |       |       ||   122
       War axe           |       |   107 |    80 ||   187
       Punch             |       |     3 |       ||     3
Invok: Berserk           |     2 |     5 |     1 ||     8
       Trog's Hand       |       |     1 |       ||     1
  Use: Scroll            |       |     5 |     1 ||     6
 Stab: Sleeping          |     2 |       |       ||     2
Armor: Animal skin       |    17 |     6 |       ||    23
       Ring mail         |       |    36 |    27 ||    63
Dodge: Dodged            |    68 |    65 |    49 ||   182

Table legend: (Time is in decaauts)
 A = Elapsed time spent in this place.
 B = Non-inter-level travel time spent in this place.
 C = Inter-level travel time spent in this place.
 D = Time resting spent in this place.
 E = Time spent auto-exploring this place.
 F = Levels seen in this place.
 G = Mean time per level.
                   A        B        C        D        E       F      G
               +--------+--------+--------+--------+--------+-----+--------+
         Total |   5317 |   5171 |    146 |   1076 |   3360 |   5 | 1063.4 |
       Dungeon |   5317 |   5171 |    146 |   1076 |   3360 |   5 | 1063.4 |
               +--------+--------+--------+--------+--------+-----+--------+

Top non-repeatable levels by time:
     D:3: 1508 daAuts
     D:2: 1034 daAuts
     D:1: 978 daAuts
     D:4: 924 daAuts
     D:5: 871 daAuts
